 Dungeon Crawl Stone Soup version 0.24.0-13-gcf9b319 (webtiles) character file.

Game seed: 6581368210130519908, levelgen mode: deterministic

19 EndlessMike the Insei (level 2, 0/21 HPs)
             Began as a Demonspawn Wanderer on Apr 15, 2020.
             Slain by a rat (3 damage)
             ... on level 1 of the Dungeon.
             The game lasted 00:01:04 (530 turns).

EndlessMike the Insei (Demonspawn Wanderer)          Turns: 530, Time: 00:01:05

Health: 0/21       AC:  7    Str: 12    XL:     2   Next: 55%
Magic:  3/3        EV: 11    Int: 13    God:
Gold:   25         SH:  0    Dex: 12    Spells: 1/1 levels left

rFire    . . .     SeeInvis .     - Unarmed
rCold    . . .     Gourm    .   (no shield)
rNeg     . . .     Faith    .   d - +0 robe
rPois    .         Spirit   .   (no helmet)
rElec    .         Reflect  .   (no cloak)
rCorr    .         Harm     .   (no gloves)
MR       .....                  (no boots)
Stlth    +++.......             (no amulet)
HPRegen  0.07/turn              a - +5 ring of protection
MPRegen  0.08/turn              (no ring)

@: no status effects
A: nightstalker 1
a: no special abilities


You were on level 1 of the Dungeon.
You were not hungry.

You visited 1 branch of the dungeon, and saw 2 of its levels.

You collected 25 gold pieces.

Inventory:

Armour
 d - a +0 robe (worn)
Jewellery
 a - a +5 ring of protection (left hand)
Scrolls
 c - a scroll of teleportation
 e - 3 scrolls of fear
 h - a scroll of remove curse {unknown}
Potions
 b - 2 potions of curing
Comestibles
 g - 2 rations


   Skills:
 - Level 1.0 Fighting
   Level 1.7 Polearms
 - Level 1.7 Stealth
 + Level 3.6 Unarmed Combat
   Level 2.0 Evocations


You had one spell level left.
You didn't know any spells.
Your spell library was empty.

Dungeon Overview and Level Annotations

Branches:
Dungeon (2/15)

Altars:


Innate Abilities, Weirdness & Mutations

You are slightly more attuned to the shadows.


Message History

You slip into the darkness of the dungeon.
You climb upwards.
The rat bites you.
* * * LOW HITPOINT WARNING * * *
There is a stone staircase leading down here.
You hit the gnoll.
You kill the gnoll!
The rat bites you.
* * * LOW HITPOINT WARNING * * *
Unknown command.
You hit the giant cockroach.
The giant cockroach is moderately wounded.
The rat misses you. The giant cockroach closely misses you.
You hit the giant cockroach.
You kill the giant cockroach!
The rat closely misses you.
Things that are here:
a +0 club; a giant cockroach corpse; a gnoll corpse The rat barely misses you.
The rat bites you.
You die...

....##.......#..#.##.............
....###....#.#..#.........######.
....###.#.........##..##### #.
....†bs..sb.###..........#######.
....###.##.## #...##.............
....# #.##..# #........#.########
...g# #.###.###..........# ....#
#........†.........# ....#
#.###..#..@........# ...)# #.#
#.....#r...###.# ....#
#.###....)..#### #.# ....#
#.##......### #.# #####
##.........# #.# #.#.#....## #.#
#.#...#### #.# #)#.#.# #.#
#.###.# #.#


You could see a rat.

Vanquished Creatures
  A gnoll (D:1)
  A giant cockroach (D:1)
  A goblin (D:1)
  A kobold (D:1)
  5 bats
  2 frilled lizards (D:1)
  A rat (D:1)
12 creatures vanquished.

Notes
Turn   | Place    | Note
-------+----------+-------------------------------------------
     0 | D:1      | EndlessMike the Demonspawn Wanderer began the quest for the
                  | Orb.
     0 | D:1      | EndlessMike set off with the following items: a +0 club, a
                  | potion of curing, a scroll of teleportation, a +0 robe, 2
                  | scrolls of fear, a +0 dagger, a ration
     0 | D:1      | Reached XP level 1. HP: 15/15 MP: 2/2
     5 | D:1      | Noticed a dwarf
     7 | D:1      | Noticed a spriggan
    10 | D:1      | Noticed a minotaur
   356 | D:1      | Reached skill level 3 in Unarmed Combat
   522 | D:2      | Gained mutation: You are slightly more attuned to the
                  | shadows. [demonic ancestry]
   522 | D:2      | Reached XP level 2. HP: 7/21 MP: 3/3
   530 | D:1      | Slain by a rat

Levels and vault maps discovered:
D:1:      shiori_arrival_whats_in_store_for_you, layout_basic
D:2:      layout_basic, gammafunk_temple_overflow_elements

Skill      XL: |  1 |
---------------+----+-----
Unarmed Combat | 3 |  3.6
Fighting       | |  1.0
Polearms       | |  1.7
Stealth        | |  1.7
Evocations     | |  2.0

Action                   || total
-------------------------++-------
Melee: Unarmed           ||    29
       Club              ||    19
       Punch             ||     1
 Stab: Sleeping          ||     1
Armor: Robe              ||    39
Dodge: Dodged            ||    54
